 Dungeon Crawl Stone Soup version 0.30-a0-12-gd8047c6341 (webtiles) character file.

Game seed: 907078340760001154

30 Flugkiller the Covered (level 3, 0/33 HPs)
             Began as a Minotaur Fighter on Aug 23, 2022.
             Slain by a kobold
             ... wielding a +0 club
              (3 damage)
             ... on level 2 of the Dungeon.
             The game lasted 00:00:27 (910 turns).

Flugkiller the Covered (Minotaur Fighter)            Turns: 910, Time: 00:00:28

Health: 0/33       AC:  7    Str: 20    XL:     3   Next: 5%
Magic:  2/2        EV:  9    Int:  5    God:
Gold:   103        SH:  4    Dex: 11    Spells: 2/2 levels left

rFire   . . .      SeeInvis .    a - +0 war axe
rCold   . . .      Faith    +    c - +0 buckler
rNeg    . . .      Spirit   .    b - +0 scale mail
rPois   .          Reflect  .    (helmet restricted)
rElec   .          Harm     .    (no cloak)
rCorr   .          Rampage  .    (no gloves)
Will    .....                    (no boots)
Stlth   ..........               h - amulet of faith
HPRegen 0.11/turn                (no ring)
MPRegen 0.08/turn                (no ring)

@: no status effects
A: horns 2, retaliatory headbutt
a: no special abilities


You were on level 2 of the Dungeon.
You visited 1 branch of the dungeon, and saw 2 of its levels.

You collected 103 gold pieces.

Inventory:

Hand Weapons
 a - a +0 war axe (weapon)
Armour
 b - a +0 scale mail (worn)
 c - a +0 buckler (worn)
Jewellery
 f - a ring of protection from fire
   (You found it on level 1 of the Dungeon)
 h - an amulet of faith (around neck)
   (You found it on level 1 of the Dungeon)
Scrolls
 i - 2 scrolls of teleportation {unknown}
 j - a scroll of amnesia {unknown}
 k - 4 scrolls of identify {unknown}
Potions
 d - a potion of might
 e - a potion of magic {unknown}
 g - a potion of curing {unknown}
 l - a potion of haste {unknown}


   Skills:
 + Level 4.0 Fighting
 * Level 3.5 Axes
 + Level 4.0 Armour
 - Level 3.6 Shields


You had 2 spell levels left.
You didn't know any spells.
Your spell library was empty.

Dungeon Overview and Level Annotations

Branches:
Dungeon (2/15)

Altars:

Annotations:
D:1 2 transporters


Innate Abilities, Weirdness & Mutations

You have a pair of horns on your head.
You reflexively headbutt those who attack you in melee.


Message History

There is a stone staircase leading down here.
You climb downwards.
Found a scroll labelled MAUJYEL CEDUGO and 10 gold pieces.
There is a stone staircase leading up here.
A worm comes into view.
Found 11 gold pieces.
Found an escape hatch in the ceiling.
Found a stone staircase leading down.
A worm is nearby!
A worm is nearby!
You hit the worm.
The worm is moderately wounded.
The worm bites you.
You barely miss the worm.
The worm is lightly wounded.
You hit the worm. You headbutt the worm!
The worm is almost dead.
The worm bites you but does no damage.
You slash the worm!
You kill the worm!
No target in view!
No target in view!
No target in view!
No target in view!
HP restored.
i - 2 scrolls labelled MAUJYEL CEDUGO (gained 1)
You now have 92 gold pieces (gained 10).
A kobold comes into view. It is wielding a +0 dagger.
The kobold shouts!
A kobold is nearby!
A kobold is nearby!
Found a ring mail.
The kobold hits you with a +0 dagger.
You hit the kobold.
You headbutt the kobold, but do no damage.
The kobold is severely wounded.
The kobold hits you but does no damage. x2
You miss the kobold.
The kobold is severely wounded.
The kobold hits you with a +0 dagger.
You slash the kobold!
You kill the kobold!
You have reached level 3!
Your experience leads to an increase in your attributes!
Increase (s)trength, (i)ntelligence, or (d)exterity?
You feel agile. x2
There is an escape hatch in the ceiling here.
You now have 103 gold pieces (gained 11).
A quokka comes into view.
A quokka is nearby!
A quokka is nearby!
A quokka is nearby!
The quokka closely misses you. You furiously retaliate!
You headbutt the quokka. You miss the quokka.
The quokka is almost dead.
The quokka bites you but does no damage.
You slash the quokka!
You kill the quokka!
No target in view!
No target in view!
No target in view!
No target in view!
An adder comes into view.
The adder hisses angrily.
You see here 2 gold pieces.
An adder is nearby!
An adder is nearby!
A kobold comes into view. It is wielding a +0 club.
The kobold shouts!
You hear a shout! x2
A gnoll comes into view. It is wielding a +0 halberd. x2
You barely miss the adder.
The gnoll shouts!
The adder closely misses you.
A gnoll comes into view. It is wielding a +0 whip.
The adder bites you but does no damage.
You closely miss the adder. Your headbutt misses the adder.
The adder barely misses you. You block the adder's attack.
A gnoll comes into view. It is wielding a +0 spear.
You barely miss the adder. The adder closely misses you.
The adder barely misses you.
You closely miss the adder. You headbutt the adder.
The adder is lightly wounded.
You barely miss the kobold. The kobold barely misses you.
The adder bites you but does no damage.
You hit the adder.
The adder is lightly wounded.
You miss the kobold. The adder bites you but does no damage.
The gnoll hits you from afar with a +0 halberd!
You block the kobold's attack.
The gnoll hits you from afar with a +0 halberd.
The adder bites you but does no damage. The kobold hits you but does no damage.
The gnoll hits you from afar with a +0 halberd! x2
* * * LOW HITPOINT WARNING * * *
You are too injured to fight recklessly!
You are too injured to fight recklessly!
You are too injured to fight recklessly!
There are monsters nearby!
The adder attacks as you move away! The adder barely misses you.
The kobold attacks as you move away! The kobold hits you with a +0 club.
You die...

#....#
#............###.....
#............##...... .
+............##......
..##............###....#
........................
........................
#...........####....#
#..S@.$.....###......
......K.................
....ggg.................
##..g.#.......#....#####
#....#.......#.......
.......................
.......#....##..........
.......#....##.....#...#
#.... #..........


You could see 4 gnolls, an adder and a kobold.

Vanquished Creatures
  A worm (D:2)
  A dart slug (D:1)
  2 ball pythons (D:1)
  A bat (D:1)
  2 endoplasms (D:1)
  A giant cockroach (D:1)
  A goblin (D:1)
  2 hobgoblins (D:1)
  2 jackals (D:1)
  5 kobolds
  3 quokkas
  A frilled lizard (D:1)
22 creatures vanquished.

Notes
Turn   | Place    | Note
-------+----------+-------------------------------------------
     0 | D:1      | Flugkiller the Minotaur Fighter began the quest for the
                  | Orb.
     0 | D:1      | Reached XP level 1. HP: 19/19 MP: 0/0
   226 | D:1      | Reached XP level 2. HP: 27/27 MP: 1/1
   833 | D:2      | Reached XP level 3. HP: 28/33 MP: 2/2
   910 | D:2      | Slain by a kobold

Illustrated notes

Levels and vault maps discovered:
D:1:      spicycebolla_arrival_transporter_tutorial, layout_loops_ring
D:2:      layout_basic, basic_altar, chequers_ecumenical_altar_simple,
          uniq_crazy_yiuf_cottage

Skill      XL: |  1  2 |
---------------+-------+-----
Axes           | 3 |  3.5
Armour         | 4 |  4.0
Fighting       | 4 |  4.0
Shields        | |  3.6

Action                   || total
-------------------------++-------
Melee: War axe           ||    40
       Headbutt          ||     7
Armor: Scale mail        ||    22
Dodge: Dodged            ||    20
Block: Buckler           ||     9

Table legend: (Time is in decaauts)
 A = Elapsed time spent in this place.
 B = Non-inter-level travel time spent in this place.
 C = Inter-level travel time spent in this place.
 D = Time resting spent in this place.
 E = Time spent auto-exploring this place.
 F = Levels seen in this place.
 G = Mean time per level.
                   A        B        C        D        E       F      G
               +--------+--------+--------+--------+--------+-----+--------+
         Total |    925 |    888 |     37 |      0 |    743 |   2 |  462.5 |
       Dungeon |    925 |    888 |     37 |      0 |    743 |   2 |  462.5 |
               +--------+--------+--------+--------+--------+-----+--------+

Top non-repeatable levels by time:
     D:1: 805 daAuts
     D:2: 119 daAuts
